AoeStats
← InTrUsIoN

Black Forest

506302207Analyzed
1v1 RM · 19d ago on Sep 13, 2026· 69m 59s· 2 players
Game mode
Random Map
Map size
Tiny (2 player)
Population
200
Speed
Normal
Resources
Standard
Victory
Conquest
Starting age
Dark Age
Ending age
Imperial Age
RankedLock teamsTeams togetherTeam positionsShared explorationLock speedFull tech treeHidden civsTurbo modeCheats
Victory
Defeat
🇺🇾 Britons · Uruguay
511
+11
🇺🇸 Lithuanians · United States
405
-11
InTrUsIoN
1:46 Loom
13:19 Feudal Age
14:00 Double-Bit Axe
14:38 Gold Mining
15:41 Bloodlines
16:48 Horse Collar
25:05 Castle Age
27:42 Stone Mining
31:40 Wheelbarrow
32:03 Heavy Plow
33:52 Elite Skirmisher
35:14 Light Cavalry
35:56 Husbandry
40:55 Imperial Age
38:46 Hand Cart
38:58 Bow Saw
39:35 Thumb Ring
42:01 Scale Barding Armor
42:07 Forging
43:52 Winged Hussar
45:14 Ballistics
44:50 Murder Holes
45:25 Cavalier
47:31 Two-Man Saw
47:09 Conscription
48:08 Town Watch
49:33 Chemistry
48:26 Fletching
48:38 Padded Archer Armor
53:44 Crossbowman
54:33 Bodkin Arrow
55:01 Leather Archer Armor
55:16 Bracer
57:39 Ring Archer Armor
57:31 Chain Barding Armor
57:48 Iron Casting
57:00 Treadmill Crane
60:52 Crop Rotation
TURBO SACADO
3:02 Loom
11:57 Feudal Age
12:43 Double-Bit Axe
14:18 Gold Mining
15:14 Horse Collar
15:01 Man-at-Arms
15:55 Scale Mail Armor
18:38 Wheelbarrow
18:26 Stone Mining
19:12 Arson
19:50 Fletching
20:11 Forging
26:10 Castle Age
25:06 Padded Archer Armor
29:54 Gold Shaft Mining
29:30 Bow Saw
29:22 Heavy Plow
30:07 Town Watch
30:37 Hand Cart
31:39 Crossbowman
32:15 Long Swordsman
32:40 Gambesons
35:10 Gambesons
37:20 Ballistics
36:47 Treadmill Crane
37:18 Masonry
37:26 Squires
37:42 Town Patrol
38:22 Yeomen
39:47 Leather Archer Armor
39:27 Bodkin Arrow
39:48 Chain Mail Armor
40:10 Iron Casting
44:38 Imperial Age
44:44 Elite Longbowman
46:51 Blast Furnace
46:21 Plate Mail Armor
46:22 Ring Archer Armor
45:52 Bracer
45:42 Two-Handed Swordsman
47:50 Warwolf
51:48 Champion
54:19 Chemistry
53:29 Bracer
56:28 Onager
68:27 Capped Ram
70:23 Conscription
Connection lost

Rejoining the realm…

Still unreachable

The connection could not be restored.

Session expired

The server has moved on; the page needs a fresh start.